 Dungeon Crawl Stone Soup version 0.28-b1-25-g9875b3fc8c (webtiles) character file.

Game seed: 16118560288668054444

4 Minsecho the Chopper (level 1, 0/20 HPs)
             Began as a Hill Orc Cinder Acolyte on Jan 31, 2022.
             Was a High Priest of Ignis.
             Slain by a giant cockroach (2 damage)
             ... on level 1 of the Dungeon.
             The game lasted 00:01:52 (164 turns).

Minsecho the Chopper (Hill Orc Cinder Acolyte)       Turns: 164, Time: 00:01:53

Health: 0/20       AC:  2    Str: 16    XL:     1   Next: 60%
Magic:  2/2        EV: 11    Int: 14    God:    Ignis [*****.]
Gold:   17         SH:  0    Dex:  6    Spells: 2/2 levels left

rFire   + . .      SeeInvis .   a - -1 hand axe (flame)
rCold   . . .      Faith    .   (no shield)
rNeg    . . .      Spirit   .   b - +0 robe
rPois   .          Reflect  .   (no helmet)
rElec   .          Harm     .   (no cloak)
rCorr   .          Rampage  .   (no gloves)
Will    .....                   (no boots)
Stlth   +.........              (no amulet)
HPRegen 0.06/turn               (no ring)
MPRegen 0.08/turn               (no ring)

@: no status effects
A: no striking features
a: Renounce Religion, Fiery Armour, Foxfire Swarm, Rising Flame


You were on level 1 of the Dungeon.
You worshipped Ignis.
Ignis was extremely pleased with you.
You visited 1 branch of the dungeon, and saw 1 of its levels.

You collected 17 gold pieces.

Inventory:

Hand Weapons
 a - a -1 hand axe of flaming (weapon)
Armour
 b - a +0 robe (worn)
Scrolls
 c - a scroll of amnesia {unknown}


   Skills:
 + Level 3.9 Fighting
 + Level 4.1 Axes
 + Level 1.0 Spellcasting
 + Level 3.2 Fire Magic


You had 2 spell levels left.
You didn't know any spells.
Your spell library contained the following spells:

 Spells                   Type           Power      Damage    Failure   Level
 Scorch                   Fire           18%        2d6       11%         2


Dungeon Overview and Level Annotations

Branches:
Dungeon (1/15)

Altars:


Message History

A hobgoblin comes into view.
The hobgoblin shouts!
A hobgoblin is nearby!
No target in view!
No target in view!
No target in view!
A giant cockroach comes into view.
The giant cockroach moves out of view.
You closely miss the hobgoblin. The hobgoblin hits you.
You hit the hobgoblin but do no damage. The hobgoblin hits you.
You barely miss the hobgoblin. The hobgoblin misses you.
You hit the giant cockroach but do no damage.
You hit the hobgoblin but do no damage. The giant cockroach barely misses you.
The hobgoblin hits you but does no damage.
You closely miss the giant cockroach. You closely miss the hobgoblin.
The giant cockroach bites you.
The hobgoblin hits you but does no damage.
You hit the giant cockroach but do no damage.
You hit the hobgoblin. You burn the hobgoblin. The giant cockroach bites you.
The hobgoblin hits you. The giant cockroach barely misses you.
You are too injured to fight recklessly!
You hit the hobgoblin but do no damage.
The hobgoblin is moderately wounded.
The hobgoblin barely misses you.
You closely miss the hobgoblin.
The hobgoblin is moderately wounded.
The hobgoblin hits you.
* * * LOW HITPOINT WARNING * * *
You hit the hobgoblin. You burn the hobgoblin.
You kill the hobgoblin!
The giant cockroach barely misses you.
You hit the giant cockroach but do no damage.
The giant cockroach closely misses you.
You hit the giant cockroach. You burn the giant cockroach.
The giant cockroach is severely wounded.
The giant cockroach barely misses you.
You closely miss the giant cockroach.
The giant cockroach is severely wounded.
The giant cockroach bites you.
You die...

##############
.............#
####.........#
#)........#####
#..).........@#
#..........##B#
#..........##.......#
#..........##........
#..............###..#
######+#...##### .#
#.#.# ..#.# ######


You could see a giant cockroach.

Vanquished Creatures
  A hobgoblin (D:1)
  2 kobolds (D:1)
3 creatures vanquished.

Notes
Turn   | Place    | Note
-------+----------+-------------------------------------------
     0 | D:1      | Minsecho the Hill Orc Cinder Acolyte began the quest for
                  | the Orb.
     0 | D:1      | Reached XP level 1. HP: 19/19 MP: 2/2
   164 | D:1      | Slain by a giant cockroach

Illustrated notes

Levels and vault maps discovered:
D:1:      dpeg_arrival_houses_and_road, layout_basic, minmay_misc_feat_chi,
          minmay_cut_off

Action                   || total
-------------------------++-------
Melee: Hand axe          ||    24
Armor: Robe              ||     3
Dodge: Dodged            ||    17
